 Dungeon Crawl Stone Soup version 0.30-a0-272-gf98c3da03f (webtiles) character file.

Game seed: 11999261764059841130

66 koil the Sneak (level 3, -7/18 HPs)
             Began as a Spriggan Enchanter on Oct 15, 2022.
             Killed by divine providence
             ... invoked by an orc priest
              (15 damage)
             ... on level 3 of the Dungeon.
             The game lasted 00:04:14 (1719 turns).

koil the Sneak (Spriggan Enchanter)                 Turns: 1719, Time: 00:04:15

Health: -7/18      AC:  2    Str:  4    XL:     3   Next: 96%
Magic:  6/8        EV: 18    Int: 16    God:
Gold:   88         SH:  0    Dex: 17    Spells: 6/8 levels left

rFire   . . .      SeeInvis +    a - +2 dagger (venom)
rCold   + . .      Faith    .    (no shield)
rNeg    . . .      Spirit   .    b - +0 robe
rPois   .          Reflect  .    (helmet restricted)
rElec   .          Harm     .    (no cloak)
rCorr   .          Rampage  .    (gloves unavailable)
Will    .....                    (boots unavailable)
Stlth   +++.......               (no amulet)
HPRegen 0.23/turn                e - ring of wizardry
MPRegen 0.11/turn                i - ring of protection from cold

@: very quick
A: very small, no large weapons, unfitting armour, see invisible, speed 3
a: no special abilities


You were on level 3 of the Dungeon.
You visited 1 branch of the dungeon, and saw 3 of its levels.

You collected 88 gold pieces.

Inventory:

Hand Weapons
 a - a +2 dagger of venom (weapon)
 l - a +1 dagger
 n - a +3 vorpal flail
Armour
 b - a +0 robe (worn)
Jewellery
 e - a ring of wizardry (left hand)
 h - a ring of ice
 i - a ring of protection from cold (right hand)
 p - a +6 ring of strength
Wands
 k - a wand of charming (13)
 m - a wand of flame (21)
Scrolls
 d - 4 scrolls of teleportation {unknown}
 g - 4 scrolls of fear {unknown}
 o - a scroll of butterflies {unknown}
Potions
 c - 2 potions of invisibility
 f - a potion of ambrosia {unknown}
 j - a potion of heal wounds {unknown}


   Skills:
 + Level 1.0 Fighting
 + Level 1.9 Short Blades
 + Level 3.3 Dodging
 + Level 5.0 Stealth
 + Level 3.2 Spellcasting
 + Level 4.1 Hexes


You had 6 spell levels left.
You knew the following spells:

 Your Spells              Type           Power      Damage    Failure   Level
a - Ensorcelled Hibernat  Hex/Ice        18%        N/A       4%          2

Your spell library contained the following spells:

 Spells                   Type           Power      Damage    Failure   Level
 Confusing Touch          Hex            15%        N/A       4%          3
 Tukima's Dance           Hex            15%        N/A       4%          3
 Dazzling Flash           Conj/Hex       18%        N/A       10%         3
 Inner Flame              Hex/Fire       9%         N/A       10%         3
 Static Discharge         Conj/Air       4%         2-3/arc   12%         2
 Cause Fear               Hex            7%         N/A       13%         4
 Vhi's Electric Charge    Tloc/Air       4%         N/A       22%         3
 Arcjolt                  Conj/Air       1%         1d11      87%         5
 Lightning Bolt           Conj/Air       1%         1d12      87%         5
 Discord                  Hex            7%         N/A       100%        8


Dungeon Overview and Level Annotations

Branches:
Dungeon (3/15)

Altars:

Shops:
D:1 :


Innate Abilities, Weirdness & Mutations

You are very small and have problems with some larger weapons.
You are too small for most types of armour.
You have supernaturally acute eyesight. (SInv)
You cover ground extremely quickly. (Speed+++)


Message History

You hit the hobgoblin.
You kill the hobgoblin!
No target in view!
No target in view!
HP restored.
p - a +6 ring of strength You now have 88 gold pieces (gained 6).
You open the door.
There is an open door here.
Found a hand axe.
An orc comes into view. It is wielding a +0 short sword.
Found an escape hatch in the floor.
An orc priest comes into view. It is wielding a +0 hand axe.
An orc priest and an orc come into view.
The orc shouts!
Found a stone staircase leading down.
The orc priest shouts!
A dart slug comes into view.
The orc priest shouts!
The dart slug launches a dart at you. The slug dart misses you.
The orc priest mumbles some strange prayers to Beogh against you.
Beogh smites you!
Ouch! That really hurt!
You hear a shout!
Casting: Ensorcelled Hibernation (safe; 4% risk of failure)
Confirm with . or Enter, or press ? or * to list all spells.
Aiming: Ensorcelled Hibernation (safe; 4% risk of failure)
Press: ? - help, Shift-Dir - straight line, f - orc
Aim: an orc, wielding a +0 short sword (chance to affect: 61%)
The orc looks drowsy...
The helpless orc fails to defend itself.
You impale the orc!!
You kill the orc!
An orc wizard comes into view. It is wielding a +0 dagger.
The orc wizard shouts!
You hear a shout!
The orc priest mumbles some strange prayers to Beogh against you.
Beogh smites you!
Ouch! That really hurt!
You die...

... ..# #.# .#
#.#.##.# .......# #
#.##...#.# #.#....#.#
#.#......#
############
#@##w#...#
...........#
#.wo.....#
##########.#
####oo...# ..# #.#
#.o...# #.# #.#
#.....# #.# #.#
#...).+ #'######
#.########.....#
.......#
#...)......###.......
.......#
#..#..........#..>.#.


You could see 2 orc priests, an orc wizard, a dart slug and an orc.

Vanquished Creatures
  Terence (D:2)
  An adder (D:2)
  A worm (D:2)
  An orc (D:3)
  A ball python (D:1)
  An endoplasm (D:3)
  A giant cockroach (D:1)
  3 goblins
  3 hobgoblins
  7 jackals
  2 quokkas
  A bat (D:3)
  A frilled lizard (D:1)
  A kobold (D:1)
  3 rats (D:1)
28 creatures vanquished.

Notes
Turn   | Place    | Note
-------+----------+-------------------------------------------
     0 | D:1      | koil the Spriggan Enchanter began the quest for the Orb.
     0 | D:1      | Reached XP level 1. HP: 9/9 MP: 5/5
   112 | D:1      | Found Usofroargh's Book Shoppe.
   135 | D:1      | Reached XP level 2. HP: 9/13 MP: 6/6
   138 | D:1      | Learned a level 2 spell: Ensorcelled Hibernation
   243 | D:1      | Found a faded altar of an unknown god.
   604 | D:2      | Reached XP level 3. HP: 17/17 MP: 1/8
  1107 | D:2      | Noticed Terence
  1122 | D:2      | Killed Terence
  1331 | D:2      | Reached skill level 1 in Fighting
  1331 | D:2      | Reached skill level 5 in Stealth
  1719 | D:3      | Killed from afar by an orc priest

Illustrated notes

Levels and vault maps discovered:
D:1:      dpeg_arrival_simpleton_a, layout_rooms, serial_shops,
          nicolae_shop_behind_doors, hellmonk_ecumenical_altar_zigzags
D:2:      layout_loops_corners, kennysheep_decorative_pillar,
          kennysheep_minor_cross, minmay_misc_feat_more_columns, uniq_terence
D:3:      layout_basic, nicolae_yredelemnul_corpse_copse, serial_shops,
          shop_fountains, uniq_crazy_yiuf_cottage, uniq_grinder

Skill      XL: |  1  2  3 |
---------------+----------+-----
Dodging        | 3 |  3.3
Spellcasting   | 3 |  3.2
Hexes          | 4 |  4.1
Fighting       | 1 |  1.0
Stealth        | 5 |  5.0
Short Blades   | |  1.9

Action                   || total
-------------------------++-------
Melee: Dagger            ||    78
 Cast: Ensorcelled Hiber ||    13
 Stab: Sleeping          ||    10
Armor: Robe              ||     5
Dodge: Dodged            ||    59

Table legend: (Time is in decaauts)
 A = Elapsed time spent in this place.
 B = Non-inter-level travel time spent in this place.
 C = Inter-level travel time spent in this place.
 D = Time resting spent in this place.
 E = Time spent auto-exploring this place.
 F = Levels seen in this place.
 G = Mean time per level.
                   A        B        C        D        E       F      G
               +--------+--------+--------+--------+--------+-----+--------+
         Total |   1189 |   1154 |     35 |      0 |    948 |   3 |  396.3 |
       Dungeon |   1189 |   1154 |     35 |      0 |    948 |   3 |  396.3 |
               +--------+--------+--------+--------+--------+-----+--------+

Top non-repeatable levels by time:
     D:2: 782 daAuts
     D:1: 287 daAuts
     D:3: 119 daAuts
